 Dungeon Crawl Stone Soup version 0.20-a0-286-gae82e34 (webtiles) character file.

65 Junicave the Digger (level 4, -2/24 HPs)
             Began as a Gargoyle Earth Elementalist on Dec 14, 2016.
             Slain by an adder (4 damage)
             ... on level 2 of the Dungeon.
             The game lasted 00:06:41 (1278 turns).

Junicave the Digger (Gargoyle Earth Elementalist)   Turns: 1278, Time: 00:06:42

Health: -2/24      AC:  5    Str: 12    XL:     4   Next: 14%
Magic:  1/9        EV: 12    Int: 16    God:
Gold:   10         SH:  0    Dex: 10    Spells: 5/9 levels left

rFire  . . .     SeeInvis .     f - -1 whip (curse)
rCold  . . .     Gourm    .     c - +0 robe
rNeg   + . .     Faith    .     (no shield)
rPois  ∞         Spirit   .     (no helmet)
rElec  +         Reflect  .     (no cloak)
rCorr  .         Harm     .     (no gloves)
MR     .....                    (no boots)
Stlth  ++........               (no amulet)
                                (no ring)
                                (no ring)

@: no status effects
A: negative energy resistance 1, electricity resistance, unbreathing,
petrification resistance, rot immunity, AC +3
a: no special abilities


You were on level 2 of the Dungeon.
You were hungry.

You visited 1 branch of the dungeon, and saw 2 of its levels.

You collected 10 gold pieces.

Inventory:

Hand Weapons
 a - a +0 club
 f - a cursed -1 whip (weapon)
 k - a cursed -2 dagger
Missiles
 b - 73 stones (quivered)
Armour
 c - a +0 robe (worn)
Scrolls
 h - a scroll of remove curse {unknown}
 i - 3 scrolls of enchant armour {unknown}
 j - 2 scrolls of recharging {unknown}
 l - a scroll of noise {unknown}
 m - a scroll of enchant weapon {unknown}
 n - a scroll of identify {unknown}
Books
 e - a book of Geomancy

   Spells                             Type                      Level
   a - Sandblast                      Earth                        1
   b - Passwall                       Transmutation/Earth          2
   c - Stone Arrow                    Conjuration/Earth            3
   d - Petrify                        Transmutation/Earth          4
   e - Lee's Rapid Deconstruction     Earth                        5
Comestibles
 d - a bread ration
 g - 9 chunks of flesh
 o - a royal jelly


   Skills:
 - Level 1.5 Dodging
 - Level 2.1 Stealth
 * Level 3.4 Spellcasting
 + Level 1.0 Conjurations
   Level 0.7 Transmutations
 + Level 4.2 Earth Magic


You had 5 spell levels left.
You knew the following spells:

 Your Spells              Type           Power        Failure   Level  Hunger
a - Sandblast             Erth           ###...       3%          1    None
b - Stone Arrow           Conj/Erth      ##....       17%         3    ###....


Dungeon Overview and Level Annotations

Branches:
Dungeon (2/15)

Altars:


Innate Abilities, Weirdness & Mutations

You are resistant to torment.
Your stone body is resilient. (AC +3)
You are immune to poison.
You resist negative energy. (rN+)
You are resistant to electric shocks. (rElec)
You can survive without breathing.
You are immune to petrification.
You are immune to rotting.


Message History

The adder closely misses you. The adder bites you but does no damage.
The adder bites you.
* * * LOW HITPOINT WARNING * * *
Casting: Sandblast
Confirm with . or Enter, or press ? or * to list all spells.
Aiming: Sandblast
Press: ? - help, Shift-Dir - straight line, f/p - adder
Aim: an adder The blast of sand hits the adder.
The adder completely misses you. The adder misses you.
You see here a goblin skeleton.
You see here a club.
The adder closely misses you.
You hit the adder.
The adder is lightly wounded.
The adder barely misses you. The adder bites you.
* * * LOW HITPOINT WARNING * * *
You barely miss the adder. The adder bites you.
You die...

# ..######### .#
..........# .##
..........+ ..
..........# .#
..........##.#
.............#####
.####.###........#
#.....@..###.# .# #
#.#.#S#..# #.##.#.#
...#.#.####.##.#.# #.#
#)#...........#
...#.###÷#.####.##.###
# .........#.#
#......##.#
###........#
#.........# #..#####.#
##.#<..##.# #. #.#
#.#.%....#


You could see an adder.

Vanquished Creatures
  An adder (D:2)
  An ooze (D:2)
  A worm (D:2)
  4 dart slugs
  A leopard gecko (D:1)
  2 ball pythons (D:1)
  2 giant cockroaches (D:1)
  7 goblins
  3 hobgoblins
  4 jackals (D:2)
  A quokka (D:2)
  2 bats (D:1)
  5 kobolds
  2 rats (D:1)
36 creatures vanquished.

Notes
Turn   | Place    | Note
-------+----------+-------------------------------------------
     0 | D:1      | Junicave the Gargoyle Earth Elementalist began the quest for the Orb.
     0 | D:1      | Reached XP level 1. HP: 10/10 MP: 3/3
   200 | D:1      | Reached XP level 2. HP: 13/15 MP: 3/5
   622 | D:1      | Reached skill level 4 in Earth Magic
   659 | D:1      | Reached XP level 3. HP: 19/19 MP: 0/7
   666 | D:1      | Learned a level 3 spell: Stone Arrow
  1138 | D:2      | Reached XP level 4. HP: 24/24 MP: 6/9
  1235 | D:2      | Reached skill level 1 in Conjurations
  1278 | D:2      | Slain by an adder

Vault maps used:
D:1:      lemuel_arrival_cross, roderic_serpentine_path
D:2:      chequers_ecumenical_altar_simple_redux

Skill      XL: |  1  2  3  4 |
---------------+-------------+-----
Earth Magic    | 4 |  4.2
Spellcasting   | 3 |  3.4
Conjurations   | 1 |  1.0
Dodging        | |  1.5
Stealth        | |  2.1
Transmutations | |  0.7

Action                   |  1- 3 |  4- 6 || total
-------------------------+-------+-------++-------
Melee: Whip              |    81 |    29 ||   110
       Unarmed           |     8 |       ||     8
 Cast: Sandblast         |    35 |    16 ||    51
 Stab: Sleeping          |     1 |       ||     1
  Eat: Chunk             |     1 |       ||     1
Armor: Robe              |    35 |    12 ||    47
Dodge: Dodged            |    65 |    27 ||    92
